Map: Blackpink LE

Players

Ryung

  • Race: Terran Terran
  • Spawn Location: 7:00

TYTY (TY) - Winner!

  • Race: Terran Terran
  • Spawn Location: 1:00

Event: IEM Season 12 - Katowice

VOD

Have the link to the VOD?

Description

Time

  • Played on: Feb. 26, 2018, 6:18 a.m.
  • Length: 13:38

All games in this series

Show
View Real Time Build Order
Export as new Build Order

Ryung Terran 

Build Orders: Cyclone Opening, Bio Tank 

Get SALT Encoding   

  12  0:00  SCV  
  13  0:13  SCV  
  14  0:17  Supply Depot  
  14  0:25  SCV  
  14  0:28  Refinery  
  15  0:39  SCV  
  16  0:44  Barracks  
  16  0:51  SCV  
  16  0:54  Refinery  
  17  1:03  SCV  
  18  1:15  SCV  
  19  1:31  Orbital Command  
  19  1:32  Reaper  
  20  1:35  Factory  
  20  1:44  Supply Depot  
  20  1:57  SCV  
  21  2:09  SCV  
  22  2:18  Hellion  
  24  2:24  Command Center  
  24  2:26  SCV  
  25  2:33  Barracks Tech Lab  
  25  2:38  SCV  
  25  2:39  Cyclone  
  29  2:50  SCV  
  30  2:53  Starport  
  30  2:58  Supply Depot  
  30  3:02  SCV  
  30  3:03  Barracks Reactor  
  31  3:19  SCV  
  32  3:29  Cloaking Field, Banshee  
  32  3:31  SCV, Factory Tech Lab  
  36  3:36  Orbital Command  
  36  3:41  Marine x2  
  36  3:43  SCV  
  39  3:53  Siege Tank  
  42  3:55  SCV  
  42  4:01  Supply Depot  
  42  4:02  SCV, Marine  
  44  4:04  Marine  
  44  4:08  SCV  
  47  4:12  Banshee  
  47  4:16  SCV  
  51  4:20  SCV  
  52  4:31  SCV  
  53  4:32  SCV  
  53  4:36  Command Center  
  53  4:37  Marine  
  53  4:38  Marine  
  56  4:43  SCV  
  56  4:44  SCV  
  58  4:47  Supply Depot  
  58  4:55  SCV  
  58  4:56  SCV  
  60  5:07  SCV  
  60  5:08  SCV  
  60  5:13  Starport Reactor  
  60  5:14  Stimpack, Engineering Bay, Barracks  
  62  5:17  Barracks  
  62  5:20  SCV, Engineering Bay  
  63  5:23  Siege Tank, Refinery x2  
  63  5:26  Marine  
  67  5:30  Supply Depot  
  67  5:31  SCV  
  67  5:32  SCV  
  69  5:43  SCV  
  69  5:46  Terran Infantry Weapons Level 1  
  69  5:47  Marine, Terran Infantry Armor Level 1  
  69  5:48  SCV  
  72  5:50  Orbital Command  
  72  5:59  Siege Tank  
  72  6:00  SCV x2  
  72  6:03  Starport Reactor  
  77  6:05  Marine  
  77  6:10  Orbital Command  
  77  6:17  Barracks  
  77  6:19  SCV x2  
  77  6:20  Marine x3, Barracks  
  77  6:21  Marine  
  77  6:23  Marine  
  77  6:24  Supply Depot  
  84  6:27  Supply Depot  
  84  6:31  SCV x2  
  86  6:36  Siege Tank  
  90  6:40  SCV  
  90  6:41  Medivac  
  90  6:42  Missile Turret  
  90  6:43  SCV  
  90  6:45  SCV, Medivac  
  96  6:48  Supply Depot, Refinery x2  
  96  6:51  Marine x3  
  96  6:52  Marine  
  96  6:53  Marine  
  101  6:55  SCV x2  
  101  6:59  Supply Depot  
  103  7:02  Supply Depot  
  103  7:05  Armory  
  103  7:08  Barracks Reactor  
  103  7:09  Barracks Reactor  
  103  7:12  SCV x3  
  103  7:14  Combat Shields  
  103  7:15  Siege Tank  
  100  7:20  Marine x4  
  98  7:23  Marine  
  92  7:38  Marine x4  
  92  7:40  Marine  
  92  7:41  SCV  
  95  7:55  SCV x2  
  95  7:56  Marine x4  
  101  8:02  Marine x3  
  101  8:03  Marine x2  
  106  8:09  SCV x2  
  108  8:14  Marine x2  
  108  8:16  Marine  
  108  8:17  Marine  
  108  8:20  Marine x4  
  108  8:24  Marine  
  113  8:28  Medivac  
  113  8:32  Marine x2  
  117  8:34  Marine, Terran Infantry Weapons Level 2  
  118  8:42  Terran Infantry Armor Level 2  
  118  8:46  Marine x5  
  119  8:50  Terran Vehicle Weapons Level 1  
  119  8:57  Marine x4  
  119  8:58  Sensor Tower  
  123  9:04  Refinery  
  123  9:11  Siege Tank  
  123  9:15  Marine x4  
  123  9:16  Factory, Medivac  
  132  9:22  Marine x3  
  133  9:34  Marine, Medivac  
  133  9:35  Supply Depot x2  
  133  9:38  Marine x5  
  136  9:39  Marine  
  141  9:48  Medivac  
  141  9:50  Marine x2  
  141  9:51  Marine  
  139  9:56  Marine x3  
  139  9:57  Marine x3  
  139  10:07  Siege Tank  
  139  10:08  Marine  
  139  10:09  Marine  
  139  10:14  Marine x2  
  141  10:25  Marine x3  
  141  10:26  Barracks Reactor, Marine  
  141  10:27  Marine  
  145  10:31  Marine  
  145  10:32  Marine  
  144  10:38  Medivac  
  144  10:39  Siege Tank  
  144  10:41  Medivac  
  151  10:43  Marine x3  
  151  10:44  Marine  
  151  10:45  Marine  
  151  10:49  Marine x2  
  157  10:52  Supply Depot  
  157  10:56  Supply Depot  
  152  11:00  Marine x2  
  152  11:01  Marine x2  
  152  11:03  Marine  
  157  11:07  Marine x2  
  157  11:10  Marine x2  
  148  11:18  Marine  
  148  11:22  Factory Tech Lab  
  148  11:23  Marine x4  
  153  11:26  Marine x2  
  153  11:28  Marine x2  
  150  11:36  Marine  
  146  11:41  Marine x4  
  150  11:55  Marine x5  
  150  11:59  Marine x3  
  156  12:04  Medivac x2  
  156  12:09  Marine  
  156  12:13  Marine x5  
  137  12:25  Marine x3  
  137  12:26  Marine  
  137  12:29  Siege Tank x2  
  122  12:31  Marine x2  
  122  12:32  Marine  
  122  12:35  Marine x2  
  115  12:40  Medivac  
  115  12:42  Medivac  
  119  12:48  Marine x4  
  118  12:56  Marine x3  
  121  12:58  Marine  
  121  13:01  Marine  
  123  13:06  Marine  
  128  13:17  Marine x4  
Show
View Real Time Build Order
Export as new Build Order

TYTY Terran - Winner!

Build Orders: Cyclone Opening, Gas First Reaper Expand, Reaper Expand, Bio Tank 

Get SALT Encoding   

  12  0:00  SCV  
  13  0:12  SCV  
  14  0:17  Supply Depot  
  14  0:24  SCV  
  15  0:31  Refinery  
  15  0:39  SCV  
  16  0:43  Barracks  
  16  0:51  SCV  
  17  1:03  SCV  
  18  1:15  SCV  
  19  1:30  Reaper  
  19  1:31  Orbital Command  
  20  1:41  Command Center  
  20  1:51  Factory  
  20  1:57  SCV  
  21  2:02  Supply Depot  
  21  2:08  Barracks Reactor  
  21  2:09  SCV  
  21  2:12  Refinery  
  22  2:21  SCV  
  23  2:33  SCV  
  24  2:41  Cyclone  
  24  2:43  Marine  
  24  2:44  Marine  
  29  2:45  SCV  
  30  2:53  Orbital Command  
  30  2:57  SCV  
  31  3:01  Marine x2  
  31  3:03  Starport  
  33  3:09  SCV  
  34  3:13  Factory Tech Lab  
  34  3:19  SCV, Marine x2  
  37  3:21  SCV  
  38  3:31  Supply Depot, SCV  
  38  3:34  SCV  
  40  3:37  Marine x2  
  42  3:43  SCV  
  42  3:46  SCV  
  42  3:47  Raven  
  46  3:49  Factory Tech Lab  
  46  3:55  Marine x2  
  48  3:56  SCV  
  48  3:58  SCV  
  48  4:02  Supply Depot  
  50  4:08  SCV  
  51  4:10  SCV  
  52  4:18  Command Center  
  52  4:20  SCV, Marine  
  52  4:24  SCV, Siege Tank, Marine  
  58  4:25  Supply Depot  
  58  4:32  SCV  
  58  4:36  Supply Depot, SCV  
  60  4:44  SCV  
  60  4:45  Starport Reactor  
  61  4:49  Marine  
  61  4:50  SCV, Stimpack, Barracks  
  62  4:53  Barracks  
  62  4:56  SCV  
  62  4:57  Engineering Bay  
  63  5:02  SCV, Engineering Bay  
  63  5:06  Marine  
  67  5:08  SCV  
  67  5:13  Refinery  
  69  5:14  SCV  
  69  5:15  Refinery  
  69  5:17  Supply Depot  
  69  5:20  SCV  
  71  5:24  Missile Turret  
  71  5:25  Marine  
  71  5:26  SCV  
  73  5:30  Starport Reactor, Terran Infantry Armor Level 1, Terran Infantry Weapons Level 1  
  73  5:31  Orbital Command  
  73  5:34  SCV  
  71  5:38  SCV  
  71  5:42  Marine  
  71  5:43  Siege Tank  
  71  5:46  Marine x2  
  71  5:48  SCV  
  78  5:50  Orbital Command  
  78  5:51  SCV  
  78  5:53  Supply Depot, Marine x2  
  81  6:00  Marine  
  82  6:04  SCV  
  82  6:06  Barracks  
  82  6:08  Medivac, Barracks  
  82  6:09  Medivac  
  82  6:11  SCV  
  88  6:16  Missile Turret, SCV x2  
  90  6:19  Marine  
  90  6:22  Marine x4  
  90  6:23  SCV  
  96  6:27  Siege Tank  
  96  6:29  SCV  
  96  6:31  Supply Depot, SCV  
  101  6:35  SCV  
  101  6:36  Missile Turret  
  101  6:37  Marine  
  101  6:39  Marine  
  100  6:41  SCV, Medivac  
  100  6:43  Medivac  
  106  6:47  Marine  
  106  6:48  Marine x2  
  106  6:50  Combat Shields  
  106  6:52  SCV  
  110  6:55  Supply Depot  
  110  6:57  Barracks Reactor x2  
  110  7:00  Supply Depot  
  110  7:01  Marine, Armory  
  111  7:02  Marine  
  111  7:04  SCV x2  
  114  7:09  Refinery  
  113  7:16  Marine x2  
  113  7:17  Marine  
  113  7:21  SCV x2  
  113  7:26  Marine x2  
  106  7:31  SCV  
  106  7:33  SCV  
  106  7:34  Marine x2  
  106  7:35  Marine  
  103  7:39  Marine x2  
  103  7:44  Marine  
  103  7:46  Marine x3  
  103  7:49  SCV, Terran Infantry Weapons Level 2  
  103  7:50  Terran Infantry Armor Level 2  
  101  7:52  SCV x2, Marine x2  
  101  7:53  Siege Tank, Marine  
  101  7:54  Medivac  
  101  7:57  Marine x2  
  113  8:02  Marine  
  113  8:04  Marine x3  
  113  8:05  Refinery  
  116  8:10  Marine x2  
  116  8:11  SCV x2, Marine  
  120  8:15  Marine x2  
  120  8:20  Marine  
  120  8:22  Marine x2  
  120  8:26  Marine  
  123  8:27  Marine x2  
  123  8:29  Siege Tank  
  123  8:30  Sensor Tower  
  127  8:38  Factory  
  127  8:40  Marine x6  
  133  8:43  Command Center  
  133  8:44  Marine  
  133  8:45  Marine x2  
  128  8:50  Viking x2  
  128  8:55  Terran Vehicle Weapons Level 1  
  131  8:58  Marine x2  
  133  9:06  Marine  
  133  9:09  Supply Depot  
  133  9:11  Supply Depot  
  133  9:12  Sensor Tower  
  133  9:16  Siege Tank, Marine x3  
  139  9:20  Marine x3  
  139  9:21  Marine  
  141  9:25  Factory Tech Lab  
  141  9:28  Marine  
  141  9:30  Marine  
  141  9:31  SCV x2  
  144  9:34  Viking x2, Marine x3  
  151  9:46  Siege Tank  
  151  9:47  Marine  
  151  9:48  Siege Tank  
  151  9:49  Liberator x2  
  151  9:50  Marine x3  
  157  9:55  SCV x2, Marine x2  
  165  10:09  Marine x2  
  163  10:17  SCV  
  163  10:18  Siege Tank  
  163  10:20  Siege Tank, Marine  
  172  10:25  Marine x2  
  172  10:28  Supply Depot x2, Terran Infantry Weapons Level 3, Terran Infantry Armor Level 3  
  172  10:33  Marine x2  
  169  10:46  Supply Depot x2, Marine  
  169  10:47  Marine x2  
  172  10:50  Marine, Medivac x2  
  172  10:52  Siege Tank  
  172  10:53  Siege Tank  
  168  11:15  SCV x2  
  168  11:17  Planetary Fortress  
  168  11:19  Marine x7  
  168  11:20  Sensor Tower, Marine x2  
  168  11:24  Siege Tank  
  168  11:25  Siege Tank  
  183  11:31  Supply Depot  
  183  11:37  Marine x7  
  183  11:38  Marine x2  
  184  11:54  Marine  
  184  11:55  Marine x7  
  184  11:56  Siege Tank, Marine  
  184  11:58  Viking x2  
  197  12:12  Marine x3  
  197  12:13  Marine x6  
  180  12:21  Siege Tank  
  183  12:27  Medivac  
  183  12:28  Siege Tank, Medivac  
  170  12:30  Marine x7  
  170  12:31  Marine x2  
  170  12:32  SCV  
  173  12:48  Marine x6  
  172  12:57  Barracks  
  172  12:58  Barracks  
  172  12:59  Missile Turret  
  172  13:02  Medivac x2  
  172  13:03  Siege Tank  
  179  13:07  Marine x2  
  179  13:09  Command Center  
  184  13:14  Marine x4  
  184  13:18  Marine  
  184  13:19  Marine x2  

Tags
 
Add a new tag
Caveats
  • Supply blocks, unpowered buildings, or Contaminate may cause inaccurate times.
  • Supply counts are checked every 10 seconds.